AoeStats
← Pedrulete

African Clearing

505203014Analyzed
4v4 RM · 25d ago on Sep 8, 2026· 37m 15s· 8 players
Game mode
Random Map
Map size
Large (8 player)
Population
200
Speed
Normal
Resources
Standard
Victory
Conquest
Starting age
Dark Age
Ending age
Imperial Age
RankedLock teamsTeams togetherTeam positionsShared explorationLock speedFull tech treeHidden civsTurbo modeCheats
Victory
Defeat
🇩🇪 Mapuche · Germany
1197
+15
🇪🇸 Jurchens · Spain
1152
+17
🇦🇺 Sicilians · Australia
1125
+18
🇫🇷 Ethiopians · France
1124
+18
🇬🇧 Gurjaras · United Kingdom
1275
-21
🇪🇸 Huns · Spain
1201
-18
🇹🇼 Sicilians · Taiwan
1177
-17
🇩🇪 Italians · Germany
1051
-12
Pedrulete
4:11 Loom
13:59 Feudal Age
18:07 Castle Age
17:23 Double-Bit Axe
17:33 Gold Mining
17:52 Horse Collar
21:03 Stone Mining
23:57 Wheelbarrow
24:51 Bloodlines
26:48 Bow Saw
31:19 Scale Barding Armor
31:25 Forging
33:21 Hand Cart
33:08 Heavy Plow
35:02 Chain Barding Armor
37:31 Iron Casting
Krake
6:38 Loom
15:10 Feudal Age
15:38 Double-Bit Axe
21:43 Castle Age
20:59 Fletching
21:10 Padded Archer Armor
28:48 Leather Archer Armor
BobbyKransky
13:22 Feudal Age
13:28 Loom
15:49 Double-Bit Axe
16:17 Fletching
17:31 Stone Mining
17:35 Gold Mining
19:54 Horse Collar
26:31 Castle Age
27:45 Castle Age
28:31 Heavy Plow
30:45 Bow Saw
34:07 Stone Shaft Mining
34:09 Gold Shaft Mining
ufokinw0tm8
14:31 Feudal Age
13:03 Loom
14:39 Loom
19:27 Castle Age
17:54 Double-Bit Axe
19:07 Horse Collar
23:37 Town Watch
28:35 Wheelbarrow
32:16 Bow Saw
34:00 Squires
33:46 Arson
34:15 Heavy Plow
35:25 First Crusade
36:25 Stone Mining
xXTOUROXx
3:33 Loom
15:08 Feudal Age
16:24 Town Watch
16:49 Stone Mining
20:45 Castle Age
ELO800
Comrade Toad
4:15 Loom
TAS69
8:29 Loom
14:37 Feudal Age
18:35 Castle Age
17:36 Double-Bit Axe
17:35 Horse Collar
18:17 Stone Mining
18:18 Gold Mining
21:30 Bloodlines
25:23 Fletching
35:42 Scale Barding Armor
Connection lost

Rejoining the realm…

Still unreachable

The connection could not be restored.

Session expired

The server has moved on; the page needs a fresh start.